 Dungeon Crawl Stone Soup version 0.31-a0-983-g7b6862f502 (webtiles) character file.

Game seed: 17725285779461813199

8029 gruber the Covert (level 11, -3/51 HPs)
             Began as a Vine Stalker Fighter on Nov 2, 2023.
             Was a Follower of Uskayaw.
             Slain by a meliai
             ... wielding a +0 hand axe of freezing
              (5 damage)
             ... on level 9 of the Dungeon.
             The game lasted 00:11:31 (7630 turns).

gruber the Covert (Vine Stalker Fighter)            Turns: 7630, Time: 00:11:32

Health: -3/51      AC: 10    Str: 19    XL:     11   Next: 24%
Magic:  0/16       EV: 14    Int:  8    God:    Uskayaw [*.....]
Gold:   552        SH:  5    Dex: 18    Spells: 10/10 levels left

rFire   + + .        J - +1 short sword (elec)
rCold   . . .        c - +0 buckler
rNeg    . . .        Q - +2 leather armour {rF+}
rPois   .            (no helmet)
rElec   .            M - +0 cloak
rCorr   .            u - +2 pair of gloves
SInv    +            (no boots)
Will    +....        (no amulet)
Stlth   +++++        n - ring of see invisible
HPRegen 1.08/turn    E - ring of protection from fire
MPRegen 0.15/turn

%: guardian spirit
@: mighty
A: fangs 3, regeneration 1, magic shield, antimagic bite, no potion heal 2
a: Renounce Religion, Stomp


You were on level 9 of the Dungeon.
You worshipped Uskayaw.
Uskayaw was noncommittal.
You visited 2 branches of the dungeon, and saw 10 of its levels.

You collected 552 gold pieces.

Inventory:

Hand Weapons
 J - a +1 short sword of electrocution (weapon)
 N - a +2 dagger of flaming
Armour
 a - the +0 ring mail "Muzos" {Fly rElec SInv}
   (You found it on level 6 of the Dungeon)

   rElec:     It insulates you from electricity.
   SInv:      It lets you see invisible.
   Fly:       It grants you flight.
 c - a +0 buckler (worn)
 k - +0 ice dragon scales
 u - a +2 pair of gloves (worn)
 M - a +0 cloak (worn)
 Q - a +2 leather armour of fire resistance (worn)
Jewellery
 n - a ring of see invisible (left hand)
 w - a ring of flight
 E - a ring of protection from fire (right hand)
 G - a +6 ring of strength
Wands
 s - a wand of mindburst (46)
 t - a wand of charming (12)
 z - a wand of flame (11)
 B - a wand of quicksilver (5)
 F - a wand of polymorph (10)
Scrolls
 h - 2 scrolls of fog {unknown}
 i - 7 scrolls of identify {unknown}
 j - 2 scrolls of poison {unknown}
 l - 2 scrolls of enchant weapon {unknown}
 m - 4 scrolls of teleportation {unknown}
 o - a scroll of enchant armour {unknown}
 r - a scroll of acquirement {unknown}
 v - a scroll of vulnerability {unknown}
 y - a scroll of blinking {unknown}
 D - a scroll of revelation {unknown}
 H - a scroll of fear {unknown}
 L - a scroll of brand weapon {unknown}
 O - a scroll of amnesia {unknown}
Potions
 d - a potion of might
 e - 4 potions of enlightenment {unknown}
 f - 3 potions of lignification {unknown}
 g - 2 potions of invisibility {unknown}
 p - 4 potions of mutation {unknown}
 q - a potion of berserk rage {unknown}
 x - 6 potions of curing {unknown}
 A - 3 potions of ambrosia {unknown}
 C - a potion of magic {unknown}
 I - 2 potions of attraction {unknown}
 K - a potion of resistance {unknown}
 P - a potion of cancellation {unknown}


   Skills:
 - Level 2.6 Fighting
 * Level 9.7 Short Blades
 - Level 5.0 Armour
 - Level 6.0 Dodging
 - Level 11.1 Stealth
 - Level 2.6 Shields
 - Level 5.4 Invocations


You had 10 spell levels left.
You didn't know any spells.
Your spell library contained the following spells:

 Spells                   Type           Power      Damage    Failure   Level
 Slow                     Hex            0%         N/A       54%         1
 Lesser Beckoning         Tloc           0%         N/A       67%         2
 Static Discharge         Conj/Air       0%         3-3/arc   67%         2
 Confusing Touch          Hex            0%         N/A       88%         3
 Gell's Gravitas          Tloc           0%         N/A       88%         3
 Sigil of Binding         Hex            0%         N/A       88%         3
 Teleport Other           Tloc           0%         N/A       88%         3
 Vampiric Draining        Necr           0%         2d6       88%         3
 Airstrike                Air            0%         2d(0-16)  99%         4
 Summon Lightning Spire   Summ/Air       0%         N/A       99%         4


Dungeon Overview and Level Annotations

Branches:
Dungeon (9/15)             Temple (1/1) D:5            Lair (0/5) D:8
    Orc: D:9-12

Altars:
Ashenzari
Cheibriados
Dithmenos
Elyvilon
Fedhas
Gozag
Hepliaklqana
Kikubaaqudgha
Makhleb
Nemelex Xobeh
Okawaru
Qazlal
Ru
Sif Muna
Trog
Uskayaw
Vehumet
Wu Jian
Xom
Yredelemnul
Zin
The Shining One

Shops:
D:8 (   D:9 ?


Innate Abilities, Weirdness & Mutations

You have razor-sharp teeth.
Your natural rate of healing is unusually fast.
When hurt, damage is shared between your health and your magic reserves.
Your bite disrupts and absorbs the magic of your enemies.
Potions cannot restore your health.


Message History

You are too injured to fight recklessly!
You are too injured to fight recklessly!
You are too injured to fight recklessly!
You hit the meliai.
The meliai is heavily wounded.
The meliai hits you with a +0 hand axe of freezing.
* * * LOW HITPOINT WARNING * * *
The meliai freezes you.
* * * LOW HITPOINT WARNING * * *
You block the meliai's attack.
You barely miss the meliai. Your bite misses the meliai.
The meliai is heavily wounded.
The meliai hits you with a +0 hand axe of freezing!
* * * LOW HITPOINT WARNING * * *
The meliai freezes you. The meliai misses you.
Unknown command.
Unknown command.
You hit the meliai.
The meliai is heavily wounded.
The meliai hits you with a +0 hand axe of freezing.
* * * LOW HITPOINT WARNING * * *
The meliai freezes you.
* * * LOW HITPOINT WARNING * * *
You block the meliai's attack.
A centaur warrior comes into view.
Unknown command.
You feel very mighty all of a sudden.
The centaur warrior shouts!
You hear an angry hiss.
The meliai hits you with a +0 hand axe of freezing.
* * * LOW HITPOINT WARNING * * *
The meliai freezes you.
* * * LOW HITPOINT WARNING * * *
The meliai barely misses you. You block the meliai's attack. x2
An orc wizard comes into view. It is wielding a +0 dagger.
Unknown command.
Unknown command.
You hit the meliai. Lightning courses through the meliai!
The meliai is almost dead.
You block the meliai's attack. The meliai stings you.
You die...

. . .### ########
...##########
#...<..#
##.........<#
####<.####.#
##>..>......####....#
#.#
#.................##
##.#
#.###.........##..#
#..# #.#
####...####@#.# #.##
#.## #####..y##.# #.#
### #..# ..c.... ...
#.# #.# #..# ....#..
..# #.# #.# #..## ###
..## ..# #.# #.#
##...# #..#.
#..###.###.####
#....# #..#..
#...#......... #.#..#
#o.#..####.#.........
....##
#..))#.#.........


You could see a centaur warrior, a meliai and an orc wizard.

Vanquished Creatures
  Pikel (D:4)
  Maurice (D:8)
  Grinder (D:4)
  A shadow (D:9)
  2 wyverns
  4 yaks (D:9)
  Eustachio (D:5)
  Menkaure (D:6)
  4 steam dragons
  2 water moccasins
  Edmund (D:5)
  Duvessa (D:5)
  5 sky beasts
  4 ogres
  An ice beast (D:5)
  3 orc warriors (D:9)
  4 black bears
  3 centaurs
  2 lemures (D:4)
  2 phantoms (D:6)
  2 kobold brigands
  6 bullfrogs
  2 gnoll sergeants
  3 scorpions
  5 wights (D:7)
  Dowan (D:5)
  12 killer bees (D:9)
  7 howler monkeys
  4 hounds
  4 orc priests
  7 jellies
  Jessica (D:3)
  4 iguanas
  4 orc wizards
  A sleepcap (D:5)
  10 gnolls
  13 adders
  A white imp (D:8)
  A worm (D:3)
  24 orcs
  4 bats
  7 endoplasms
  4 giant cockroaches
  9 goblins
  9 hobgoblins
  2 jackals (D:1)
  19 kobolds
  A quokka (D:3)
  8 ball pythons
  3 frilled lizards
  8 rats
230 creatures vanquished.

Vanquished Creatures (others)
  An orc wizard (D:7)
  An orc (D:7)
2 creatures vanquished.

Grand Total: 232 creatures vanquished

Notes
Turn   | Place    | Note
-------+----------+-------------------------------------------
     0 | D:1      | gruber the Vine Stalker Fighter began the quest for the
                  | Orb.
     0 | D:1      | Reached XP level 1. HP: 11/11 MP: 2/2
   143 | D:1      | Reached XP level 2. HP: 16/16 MP: 3/3
   204 | D:1      | Found a faded altar of an unknown god.
   285 | D:1      | Reached XP level 3. HP: 19/19 MP: 4/4
   991 | D:2      | Reached XP level 4. HP: 23/23 MP: 5/5
  1053 | D:2      | Identified the +0 robe of Maety {Int+2 Slay+2}
  1623 | D:3      | Found a stormy altar of Qazlal.
  1935 | D:3      | Noticed Jessica
  1939 | D:3      | Killed Jessica
  1940 | D:3      | Reached XP level 5. HP: 27/27 MP: 6/6
  2240 | D:4      | Noticed an ogre
  2244 | D:4      | Killed an ogre
  2245 | D:4      | Reached skill level 5 in Short Blades
  2245 | D:4      | Reached XP level 6. HP: 32/32 MP: 7/7
  2449 | D:4      | Reached XP level 7. HP: 35/35 MP: 6/8
  2508 | D:4      | Found a glowing golden altar of the Shining One.
  2705 | D:4      | Noticed Grinder
  2708 | D:4      | Killed Grinder
  3076 | D:5      | Entered Level 5 of the Dungeon
  3076 | D:5      | Noticed Duvessa
  3076 | D:5      | Noticed Dowan
  3081 | D:4      | Reached skill level 1 in Dodging
  3099 | D:5      | Noticed Edmund
  3142 | D:5      | Noticed Pikel
  3155 | D:4      | Gained mutation: You have razor-sharp teeth. [Vine Stalker
                  | growth]
  3155 | D:4      | Reached XP level 8. HP: 33/39 MP: 7/9
  3355 | D:4      | Killed Pikel
  3432 | D:5      | Reached skill level 5 in Dodging
  3488 | D:5      | Found a staircase to the Ecumenical Temple.
  3523 | D:5      | Reached XP level 9. HP: 42/43 MP: 10/10
  3542 | D:5      | Noticed Eustachio
  3576 | D:5      | Killed Eustachio
  3622 | D:5      | Killed Duvessa
  3628 | D:5      | Killed Dowan
  3645 | Temple   | Found a transporter.
  3645 | Temple   | Found a transporter.
  3645 | Temple   | Found a transporter.
  3645 | Temple   | Found a transporter.
  3645 | Temple   | Entered the Ecumenical Temple
  3666 | Temple   | Became a worshipper of Uskayaw the Reveller
  3698 | D:5      | Reached * piety under Uskayaw
  3703 | D:5      | Reached ** piety under Uskayaw
  3707 | D:5      | Killed Edmund
  3914 | D:5      | Found an ancient bone altar of Kikubaaqudgha.
  3920 | D:5      | Identified the +5 trident of Malum Prohibitum {heavy, rC+
                  | rN+}
  4108 | D:6      | Reached *** piety under Uskayaw
  4130 | D:6      | Reached skill level 5 in Armour
  4217 | D:6      | Reached skill level 1 in Stealth
  4290 | D:6      | Noticed Menkaure
  4300 | D:6      | Killed Menkaure
  4301 | D:6      | Reached skill level 2 in Stealth
  4301 | D:6      | Reached skill level 1 in Invocations
  4434 | D:6      | Reached skill level 3 in Stealth
  4628 | D:6      | Reached **** piety under Uskayaw
  4630 | D:6      | Reached skill level 4 in Stealth
  4907 | D:6      | Identified the +0 ring mail "Muzos" {Fly rElec SInv}
  5287 | D:7      | Reached skill level 5 in Stealth
  5287 | D:7      | Reached XP level 10. HP: 47/47 MP: 12/14
  5433 | D:7      | Reached skill level 6 in Stealth
  5688 | D:7      | Reached skill level 5 in Invocations
  5705 | D:7      | Reached skill level 7 in Stealth
  6092 | D:8      | Found a shadowy altar of Dithmenos.
  6162 | D:8      | Reached skill level 8 in Stealth
  6166 | D:8      | Found a staircase to the Lair.
  6175 | D:8      | Reached skill level 9 in Stealth
  6177 | D:8      | Reached ***** piety under Uskayaw
  6192 | D:8      | Reached ****** piety under Uskayaw
  6259 | D:8      | Noticed Maurice
  6264 | D:8      | Maurice stole a ring of flight
  6268 | D:8      | Killed Maurice
  6269 | D:8      | Reached skill level 10 in Stealth
  6512 | D:8      | Found Lupaergh's Antique Weapon Emporium.
  6671 | D:8      | Found a bloodstained altar of Trog.
  6685 | D:8      | Found an opulent altar of Gozag.
  7008 | D:9      | Reached skill level 11 in Stealth
  7147 | D:9      | Found a shimmering blue altar of Sif Muna.
  7224 | D:9      | Found Beosmol's Magic Scroll Boutique.
  7238 | D:9      | Reached XP level 11. HP: 27/51 MP: 9/16
  7359 | D:9      | Identified the +5 battleaxe of Charity {spect, rN+}
  7628 | D:9      | Noticed a centaur warrior
  7629 | D:9      | HP: 2/51 [meliai/+0 hand axe of freezing (1)]
  7630 | D:9      | Slain by a meliai

Illustrated notes

Levels and vault maps discovered:
D:1:      dpeg_arrival_chambers_temple_mockup, layout_basic,
          shapermc_ecumenical_altar_mp_vishouse
D:2:      layout_loops_ring, chequers_serial_rivers_micro_c,
          minmay_fractal_squares_gapless_5
D:3:      minmay_chambers_of_threes, layout_basic, grunt_qazlal_sundering,
          uniq_jessica
D:4:      layout_loops_ring, mainiacjoe_overflow_catwalk, uniq_grinder
D:5:      layout_rooms, kiku_gazebo_pond_becter,
          minmay_temple_entry_drinking_statues, uniq_edmund, uniq_eustachio,
          uniq_duvessa, uniq_pikel
D:6:      layout_cave_pods, eino_tiny_chamber, grunt_ministairs_14,
          nicolae_figureground_pulse, uniq_menkaure
D:7:      layout_loops_ring, hangedman_misty_isle
D:8:      layout_loops_corners, mainiacjoe_overflow_large_starburst,
          nicolae_dithmenos_the_darkroom, due_lair_maze_entry_diamond,
          serial_shops, shop, uniq_maurice
D:9:      layout_rooms, general_overflow_altar, erik_orc_1, serial_shops, shop,
          minmay_pinched_square
Temple:   hellmonk_temple_divided_pantheon

Skill      XL: |  1  2  3  4  5  6  7  8  9 10 11 |
---------------+----------------------------------+-----
Short Blades   | 2 3 4 5 6 8 9 |  9.7
Dodging        | 1 5 6 |  6.0
Armour         | 5 |  5.0
Stealth        | 5 11 | 11.1
Invocations    | 4 5 |  5.4
Fighting       | |  2.6
Shields        | |  2.6

Action                     |  1- 3 |  4- 6 |  7- 9 | 10-12 || total
---------------------------+-------+-------+-------+-------++-------
  Melee: Rapier            |    80 |   131 |   356 |       ||   567
         Bite              |    19 |    35 |   147 |    89 ||   290
         Dagger            |       |       |    39 |       ||    39
         Short sword       |       |       |       |   316 ||   316
 Invoke: Line Pass         |       |       |       |     2 ||     2
  Evoke: Wand              |       |     6 |     3 |       ||     9
    Use: Potion            |       |       |       |     1 ||     1
   Stab: Paralysed         |       |       |     4 |    14 ||    18
         Sleeping          |       |       |       |     4 ||     4
 Armour: Scale mail        |    45 |    63 |   179 |   143 ||   430
         Leather armour    |       |       |       |    12 ||    12
  Dodge: Dodged            |    46 |    54 |   156 |   114 ||   370
  Block: Buckler           |    15 |    27 |    74 |    65 ||   181

Table legend: (Time is in decaauts)
 A = Elapsed time spent in this place.
 B = Non-inter-level travel time spent in this place.
 C = Inter-level travel time spent in this place.
 D = Time resting spent in this place.
 E = Time spent auto-exploring this place.
 F = Levels seen in this place.
 G = Mean time per level.
                   A        B        C        D        E       F      G
               +--------+--------+--------+--------+--------+-----+--------+
         Total |   7440 |   6923 |    517 |    388 |   4898 |  10 |  744.0 |
       Dungeon |   7402 |   6894 |    508 |    388 |   4898 |   9 |  822.4 |
        Temple |     37 |     29 |      8 |      0 |      0 |   1 |   37.0 |
               +--------+--------+--------+--------+--------+-----+--------+

Top non-repeatable levels by time:
     D:4: 1125 daAuts
     D:7: 968 daAuts
     D:6: 875 daAuts
     D:8: 848 daAuts
     D:1: 821 daAuts
     D:2: 757 daAuts
     D:5: 747 daAuts
     D:3: 639 daAuts
     D:9: 618 daAuts
  Temple: 37 daAuts
